 Dungeon Crawl Stone Soup version 0.20.0-10-g0535bb4 (webtiles) character file.

7205 maniacrov the Cleaver (level 10, -6/90 HPs)
             Began as a Minotaur Fighter on June 7, 2017.
             Mangled by a ten-headed hydra (15 damage)
             ... on level 1 of the Lair of Beasts.
             The game lasted 00:34:54 (7366 turns).

maniacrov the Cleaver (Minotaur Fighter)            Turns: 7366, Time: 00:34:55

Health: -6/90      AC:  8    Str: 23    XL:     10   Next: 87%
Magic:  9/9        EV: 15    Int:  5    God:
Gold:   635        SH:  9    Dex: 16    Spells: 9/9 levels left

rFire    . . .     SeeInvis .   a - +1 war axe
rCold    . . .     Gourm    .   s - +2 buckler
rNeg     . . .     Faith    .   I - +0 troll leather armour
rPois    .         Spirit   .   (helmet restricted)
rElec    .         Reflect  .   G - +0 cloak
rCorr    .         Harm     .   (no gloves)
MR       +....                  u - +0 pair of boots
Stlth    ++........             q - amulet of magic regeneration
Regen    0.7/turn               p - +2 ring of dexterity
MPRegen  0.2/turn               H - +3 ring of dexterity

@: no status effects
A: retaliatory headbutt, claws 1, horns 2, magic resistance 1, sense
surroundings 1
a: no special abilities


You were on level 1 of the Lair of Beasts.
You were not hungry.

You visited 2 branches of the dungeon, and saw 11 of its levels.
You also visited: Ossuary.

You collected 635 gold pieces.

Inventory:

Hand Weapons
 a - a +1 war axe (weapon)
Armour
 c - a +1 shield
 s - a +2 buckler (worn)
 u - a +0 pair of boots (worn)
 G - a +0 cloak (worn)
 I - a +0 troll leather armour (worn)
Jewellery
 p - a +2 ring of dexterity (left claw)
 q - an amulet of magic regeneration (around neck)
 r - an uncursed ring of protection from cold
 x - a +4 ring of intelligence
 H - a +3 ring of dexterity (right claw)
Wands
 d - a wand of lightning (3/15)
 g - a wand of acid (9/15)
 h - a wand of paralysis (5/24)
 t - a wand of polymorph (7/24)
 B - a wand of flame (27/48)
 C - a wand of polymorph (12/24)
 D - a wand of enslavement (4/24)
 J - a wand of random effects (13/48)
Scrolls
 e - 3 scrolls of enchant armour
 i - a scroll of fog
 l - 4 scrolls of remove curse
 o - a scroll of fear
 v - 2 scrolls of recharging
 w - a scroll of amnesia {unknown}
 E - a scroll of blinking
 F - 4 scrolls of identify
 L - 3 scrolls of teleportation
Potions
 j - 9 potions of brilliance
 k - a potion of ambrosia
 m - a potion of agility
 n - 4 potions of curing
 z - a potion of berserk rage
 A - a potion of might
 K - a potion of haste
Books
 y - a book of Conjurations

   Spells                             Type                      Level
   a - Magic Dart                     Conjuration                  1
   b - Searing Ray                    Conjuration                  2
   c - Dazzling Spray                 Conjuration/Hexes            3
   d - Fulminant Prism                Conjuration/Hexes            4
   e - Force Lance                    Conjuration/Translocation    4
   f - Iskenderun's Mystic Blast      Conjuration                  4
Comestibles
 f - 5 bread rations


   Skills:
 + Level 8.7 Fighting
 * Level 12.5 Axes
 + Level 8.6 Armour
 + Level 5.3 Dodging
 - Level 1.0 Stealth
 + Level 9.7 Shields


You had 9 spell levels left.
You didn't know any spells.

Dungeon Overview and Level Annotations

Branches:
Dungeon (10/15)            Temple (0/1) D:7            Lair (1/6) D:10
    Orc: D:9-12

Altars:
Dithmenos
Elyvilon
Fedhas
Kikubaaqudgha
Makhleb
Sif Muna
Vehumet
Xom
The Shining One

Shops:
D:10 !


Innate Abilities, Weirdness & Mutations

You reflexively headbutt those who attack you in melee.
You have a pair of horns on your head.
You have sharp fingernails.
You are resistant to hostile enchantments. (MR+)
You passively map a small area around you.


Message History

The ten-headed hydra closely misses you.
You block the ten-headed hydra's attack.
Aiming: Paralyse (will waste charges)
Press: ? - help, Shift-Dir - straight line, f/p - ten-headed hydra
Aim: a ten-headed hydra (moderately wounded, chance to defeat MR: 15%)
The ten-headed hydra resists with almost no effort.
Evoking this partially-identified wand wasted a few charges.
The ten-headed hydra bites you.
* * * LOW HITPOINT WARNING * * *
The ten-headed hydra misses you. The ten-headed hydra bites you.
* * * LOW HITPOINT WARNING * * *
The ten-headed hydra bites you.
* * * LOW HITPOINT WARNING * * *
The ten-headed hydra bites you.
* * * LOW HITPOINT WARNING * * *
You block the ten-headed hydra's attack.
The ten-headed hydra bites you.
* * * LOW HITPOINT WARNING * * *
The ten-headed hydra bites you!
You die...

* , * , ####..#
###.....## *
###........##
##..[........#
.............#
.............##*
,,
..............#
*
......D@......#
, ,
...............
,
...............
* ,
..............#
, *
.............##
...........### *
*..........##
.####....## **
#P..## ,


You could see a ten-headed hydra.

Vanquished Creatures
  A two-headed ogre (D:9)
  A troll (D:9)
  A hornet (D:8)
  3 hippogriffs
  3 yaks (D:9)
  A hungry ghost (D:8)
  The ghost of Gorglomux the Vandal, an amateur HaAE (D:3)
  Duvessa (D:6)
  3 porcupines (D:10)
  A water moccasin (D:7)
  A hornet zombie (Ossuary)
  2 orc warriors
  2 black bears (D:10)
  A necrophage (D:7)
  5 ice beasts
  2 phantoms
  2 sky beasts
  2 ogres
  3 centaurs
  4 crocodiles
  A big kobold (D:10)
  4 bullfrogs
  2 scorpions (D:4)
  Dowan (D:6)
  5 killer bees (D:8)
  4 wights (D:7)
  5 crimson imps
  A centaur zombie (Ossuary)
  4 jellies
  2 bullfrog zombies
  2 orc priests
  2 hounds
  10 orc wizards
  Jessica (D:3)
  3 iguanas
  2 worker ants (D:4)
  3 killer bee zombies
  A hound zombie (Ossuary)
  13 mummies
  A worker ant zombie (Ossuary)
  A howler monkey skeleton (D:8)
  12 adders
  2 oozes
  An adder zombie (Ossuary)
  2 adder skeletons
  2 worms (D:2)
  A dart slug (D:2)
  5 leopard geckos
  16 orcs
  2 ball pythons
  5 bats
  2 giant cockroaches
  7 goblins
  8 hobgoblins
  12 jackals
  3 quokkas
  2 frilled lizards
  3 giant cockroach zombies (Ossuary)
  2 jackal zombies (Ossuary)
  6 kobolds
  3 leopard gecko zombies (Ossuary)
  A quokka zombie (D:7)
  7 rats
  2 fungi (D:10)
  A plant (D:10)
  A withered plant (Ossuary)
216 creatures vanquished.

Vanquished Creatures (others)
  A quokka (D:9)
  8 fungi (D:10)
  2 withered plants (Ossuary)
11 creatures vanquished.

Grand Total: 227 creatures vanquished

Notes
Turn   | Place    | Note
-------+----------+-------------------------------------------
     0 | D:1      | maniacrov the Minotaur Fighter began the quest for the Orb.
     0 | D:1      | Reached XP level 1. HP: 19/19 MP: 0/0
     0 | D:1      | Noticed a tentacled monstrosity
     1 | D:1      | Noticed a shadow dragon
     1 | D:1      | Noticed a black draconian
     3 | D:1      | Noticed a golden dragon
     3 | D:1      | Noticed an iron dragon
     5 | D:1      | Noticed an iron dragon
     7 | D:1      | Noticed an ice dragon
     8 | D:1      | Noticed an orb of fire
    10 | D:1      | Noticed an iron dragon
    12 | D:1      | Noticed an ice dragon
    12 | D:1      | Noticed a tentacled monstrosity
    15 | D:1      | Noticed a tentacled monstrosity
    17 | D:1      | Noticed a tentacled monstrosity
    23 | D:1      | Noticed an ice dragon
   299 | D:1      | Reached XP level 2. HP: 27/27 MP: 1/1
   592 | D:2      | Found a burning altar of Makhleb.
   723 | D:2      | Reached XP level 3. HP: 10/33 MP: 2/2
  1412 | D:2      | Found a deep blue altar of Sif Muna.
  1467 | D:3      | Reached skill level 3 in Axes
  1478 | D:3      | Noticed Jessica
  1485 | D:3      | Killed Jessica
  1485 | D:3      | Reached XP level 4. HP: 40/40 MP: 3/3
  1613 | D:3      | Noticed Gorglomux's ghost (amateur HaAE)
  1633 | D:3      | Killed Gorglomux's ghost
  1633 | D:3      | Reached skill level 4 in Axes
  1633 | D:3      | Reached skill level 1 in Dodging
  1633 | D:3      | Reached skill level 5 in Shields
  1633 | D:3      | Reached XP level 5. HP: 25/46 MP: 4/4
  1708 | D:3      | Reached skill level 5 in Axes
  1968 | D:3      | Found a shimmering altar of Xom.
  1976 | D:3      | Reached XP level 6. HP: 52/52 MP: 5/5
  2421 | D:4      | Found a glowing golden altar of the Shining One.
  2425 | D:4      | Reached skill level 6 in Axes
  2484 | D:4      | Reached XP level 7. HP: 55/60 MP: 6/6
  2572 | D:5      | Entered Level 5 of the Dungeon
  2822 | D:5      | Reached skill level 5 in Armour
  2966 | D:5      | Reached skill level 5 in Fighting
  2973 | D:5      | Reached skill level 7 in Axes
  3062 | D:5      | Reached XP level 8. HP: 65/68 MP: 7/7
  3106 | D:5      | You fall through a shaft!
  3116 | D:6      | Found a sand-covered staircase.
  3127 | Ossuary  | Entered an ossuary
  3215 | Ossuary  | Reached skill level 8 in Axes
  3518 | D:6      | Reached skill level 9 in Axes
  3518 | D:6      | Reached skill level 1 in Stealth
  3842 | D:6      | Found a shadowy altar of Dithmenos.
  4460 | D:6      | Noticed Duvessa
  4460 | D:6      | Noticed Dowan
  4470 | D:6      | Killed Duvessa
  4470 | D:6      | Reached XP level 9. HP: 66/75 MP: 8/8
  4478 | D:6      | Killed Dowan
  4678 | D:7      | Found a staircase to the Ecumenical Temple.
  4838 | D:7      | Reached skill level 10 in Axes
  5226 | D:8      | Found a blossoming altar of Fedhas.
  5309 | D:8      | Found an ancient bone altar of Kikubaaqudgha.
  5652 | D:8      | Reached skill level 11 in Axes
  5790 | D:8      | Reached XP level 10. HP: 66/86 MP: 9/9
  5995 | D:9      | Found a white marble altar of Elyvilon.
  6065 | D:9      | Gained mutation: You passively map a small area around you. [potion of mutation]
  6065 | D:9      | Gained mutation: You have sharp fingernails. [potion of mutation]
  6065 | D:9      | Gained mutation: You are resistant to hostile enchantments. (MR+) [potion of mutation]
  6678 | D:9      | Noticed a two-headed ogre
  6690 | D:9      | Killed a two-headed ogre
  6821 | D:9      | Found a radiant altar of Vehumet.
  6842 | D:9      | Reached skill level 12 in Axes
  6923 | D:10     | Entered Level 10 of the Dungeon
  7011 | D:10     | Found Teimups's Distillery.
  7072 | D:10     | Reached skill level 5 in Dodging
  7086 | D:10     | Found a staircase to the Lair.
  7151 | Lair:1   | Entered Level 1 of the Lair of Beasts
  7357 | Lair:1   | Noticed an eight-headed hydra
  7366 | Lair:1   | Mangled by a ten-headed hydra

Skill      XL: |  1  2  3  4  5  6  7  8  9 10 |
---------------+-------------------------------+-----
Shields        | 4 5 6 7 9 |  9.7
Armour         | 4 5 7 8 |  8.6
Axes           | 3 4 5 6 7 9 11 12 | 12.5
Fighting       | 4 5 6 7 8 |  8.7
Dodging        | 1 2 3 5 |  5.3
Stealth        | 1 |  1.0

Action                   |  1- 3 |  4- 6 |  7- 9 | 10-12 || total
-------------------------+-------+-------+-------+-------++-------
Melee: War axe           |    70 |    91 |   377 |   168 ||   706
       Headbutt          |    11 |    16 |   102 |    40 ||   169
Evoke: Wand              |       |       |     2 |     2 ||     4
  Use: Scroll            |     5 |     5 |    13 |       ||    23
       Potion            |       |     1 |     2 |     9 ||    12
 Stab: Sleeping          |       |       |       |     1 ||     1
  Eat: Royal jelly       |     1 |       |     1 |       ||     2
       Bread ration      |       |     1 |     2 |     1 ||     4
       Meat ration       |       |       |     1 |       ||     1
Armor: Scale mail        |    25 |    26 |    86 |    12 ||   149
       Troll leather arm |       |       |       |    26 ||    26
       Skin              |       |       |       |     4 ||     4
Dodge: Dodged            |    18 |    17 |    92 |    81 ||   208
Block: Shield            |    40 |    58 |   203 |    40 ||   341
       Buckler           |       |       |       |    68 ||    68
